 Dungeon Sprint DCSS version 0.15-a0-1485-g692b94f (webtiles) character file.

748 PolkaDot the Grappler (level 7, 0/66 HPs)
             Began as a Troll Monk on June 14, 2014.
             Was a Believer of Qazlal.
             Succumbed to Sonja's poison
             ... in the Dungeon (Sprint I: "Red Sonja").
             The game lasted 00:03:48 (388 turns).

PolkaDot the Grappler (Troll Monk)                   Turns: 388, Time: 00:03:48

HP   0/66        AC  5     Str 20      XL: 7   Next: 48%
MP   3/3         EV 13     Int  6      God: Qazlal [**....]
Gold 357         SH  3     Dex 14      Spells:  0 memorised,  6 levels left

rFire  . . .     SeeInvis .       - Unarmed
rCold  . . .     Clarity  .     a - +0 robe
rNeg   . . .     rCorr    .     (shield restricted)
rPois  .         rRot     .     (helmet restricted)
rElec  .         Spirit   .     (no cloak)
SustAb .         Warding  .     (gloves unavailable)
rMut   .         NoTele   +     (boots unavailable)
Gourm  +                        (no amulet)
MR     .....                    (no ring)
                                (no ring)

@: lethally poisoned, exhausted, slowed, very slow, not resistant to hostile
enchantments, very unstealthy
A: unfitting armour, claws 3, fast metabolism 3, gourmand, regeneration 2,
saprovore 2, shaggy fur 1, tough skin 2
a: Upheaval, Renounce Religion


You were in the Dungeon.
You worshipped Qazlal.
Qazlal was pleased with you.
You were full.

You visited 1 branch You collected 357 gold pieces.

Inventory:

Armour
 a - a +0 robe (worn)
Comestibles
 b - 2 meat rations
Scrolls
 h - a scroll of blinking
Potions
 e - a potion of haste
 f - 2 potions of magic


   Skills:
 - Level 2.4 Fighting
 + Level 6.5 Dodging
 - Level 1.1 Stealth
 * Level 14.6 Unarmed Combat


You had 6 spell levels left.
You didn't know any spells.

Dungeon Overview and Level Annotations

Branches:
Dungeon (1/1)

Altars:
Cheibriados
Dithmenos
Elyvilon
Fedhas
Gozag
Kikubaaqudgha
Makhleb
Nemelex Xobeh
Okawaru
Qazlal
Sif Muna
Trog
Vehumet
Xom
Yredelemnul
Zin
The Shining One
Jiyva

Shops:
D *


Innate Abilities, Weirdness & Mutations

You are too large for most types of armour.
You have claws for hands.
Your metabolism is lightning-fast.
You like to eat raw meat.
You heal very quickly.
You can eat rotten meat.
You are covered in fur (AC +1).
You have very tough skin (AC +2).


Message History

* * * LOW HITPOINT WARNING * * *
You feel sick.
There is an open door, spattered with blood here.
You see here a yak skeleton.
* * * LOW HITPOINT WARNING * * *
You feel very sick.
* * * LOW HITPOINT WARNING * * *
You feel sick.
* * * LOW HITPOINT WARNING * * *
You feel sick.
You have got your breath back.
* * * LOW HITPOINT WARNING * * *
You feel sick.
There is an entrance to Ytiapael's General Store here.
Unknown command.
* * * LOW HITPOINT WARNING * * *
You feel sick.
* * * LOW HITPOINT WARNING * * *
You feel sick.
You die...

######################
#<.#..').#.)'..#__#..+
#..'%.#..'..#..'..'..#
#..#####'#####'#__####
#..####..#...#.####
#..#__####..##.#
#..#_..._##'#..+
#⌠⌠#_.∩..@%..._#
####_..._##_)#'#
#_____###(#)#
#########(### +..$+
#(.$# ##.## #+#


There were no monsters in sight!

Vanquished Creatures
  Sonja (D)
  A slime creature (D)
  A yak (D)
  An ogre (D)
  Sigmund (D)
  A jelly (D)
  Ijyb (D)
7 creatures vanquished.

Notes
Turn   | Place    | Note
--------------------------------------------------------------
     0 | D        | PolkaDot, the Troll Monk, began the quest for the Orb.
     0 | D        | Reached XP level 1. HP: 22/22 MP: 1/1
     2 | D        | Noticed Ijyb
     8 | D        | Killed Ijyb
     8 | D        | Reached skill level 6 in Unarmed Combat
     8 | D        | Reached XP level 2. HP: 25/29 MP: 1/1
    19 | D        | Noticed an ogre
    26 | D        | Killed an ogre
    26 | D        | Reached skill level 10 in Unarmed Combat
    26 | D        | Reached XP level 3. HP: 21/36 MP: 2/2
    26 | D        | Reached XP level 4. HP: 25/44 MP: 2/2
    62 | D        | Noticed Sigmund
    68 | D        | Killed Sigmund
    68 | D        | Reached skill level 11 in Unarmed Combat
    68 | D        | Reached XP level 5. HP: 32/50 MP: 2/2
   109 | D        | Found a deep blue altar of Sif Muna.
   110 | D        | Noticed a jelly
   111 | D        | Found a radiant altar of Vehumet.
   116 | D        | Killed a jelly
   177 | D        | Found Ytiapael's General Store.
   177 | D        | Found a white marble altar of Elyvilon.
   177 | D        | Found a burning altar of Makhleb.
   177 | D        | Found a glowing golden altar of the Shining One.
   177 | D        | Found an opulent altar of Gozag.
   177 | D        | Found a glowing silver altar of Zin.
   177 | D        | Noticed a yak
   183 | D        | Killed a yak
   183 | D        | Reached skill level 13 in Unarmed Combat
   183 | D        | Reached XP level 6. HP: 27/59 MP: 3/3
   184 | D        | Found a stormy altar of Qazlal.
   184 | D        | Found a basalt altar of Yredelemnul.
   184 | D        | Found an iron altar of Okawaru.
   184 | D        | Found a sparkling altar of Nemelex Xobeh.
   184 | D        | Found a shimmering altar of Xom.
   184 | D        | Found an ancient bone altar of Kikubaaqudgha.
   185 | D        | Found a bloodstained altar of Trog.
   187 | D        | Became a worshipper of Qazlal Stormbringer
   187 | D        | Acquired Qazlal's first power
   187 | D        | Acquired Qazlal's second power
   221 | D        | Found a viscous altar of Jiyva.
   221 | D        | Found a blossoming altar of Fedhas.
   221 | D        | Noticed a slime creature
   222 | D        | Found a snail-covered altar of Cheibriados.
   222 | D        | Found a shadowy altar of Dithmenos.
   236 | D        | Killed a slime creature
   236 | D        | Reached skill level 5 in Dodging
   236 | D        | Reached XP level 7. HP: 26/66 MP: 3/3
   357 | D        | Noticed Sonja
   375 | D        | Killed Sonja
   375 | D        | Reached skill level 14 in Unarmed Combat
   385 | D        | HP: 2/66 [poisoned by Sonja]
   388 | D        | Succumbed to Sonja's poison

Action                   |  1- 3 |  4- 6 |  7- 9 || total
-------------------------+-------+-------+-------++-------
Melee: Unarmed           |    12 |    27 |     5 ||    44
  Use: Potion            |       |       |     4 ||     4
